 Dungeon Crawl Stone Soup version 0.27.1-33-g824d729ab1 (webtiles) character file.

Game seed: 14893409300105938610

101 Nixze the Stinger (level 4, -5/36 HPs)
             Began as a Naga Venom Mage on Dec 9, 2021.
             Slain by Grinder (6 damage)
             ... on level 3 of the Dungeon.
             The game lasted 00:07:22 (3138 turns).

Nixze the Stinger (Naga Venom Mage)                 Turns: 3138, Time: 00:07:22

Health: -5/36      AC:  3    Str: 11    XL:     4   Next: 75%
Magic:  5/8        EV:  9    Int: 16    God:
Gold:   82         SH:  0    Dex: 11    Spells: 3/9 levels left

rFire    . . .     SeeInvis +   p - staff of air
rCold    . . .     Faith    .   (no shield)
rNeg     . . .     Spirit   .   a - +0 robe
rPois    +         Reflect  .   o - +0 helmet
rElec    +         Harm     .   (no cloak)
rCorr    .         Rampage  .   (no gloves)
Will     .....                  (no barding)
Stlth    ++........             (no amulet)
HPRegen  0.12/turn              g - ring of wizardry
MPRegen  0.11/turn              (no ring)

@: very slow
A: AC +1, large, see invisible, deformed body, poison resistance, slowness 2,
spit poison 1, naga tail 1
a: Spit Poison


You were on level 3 of the Dungeon.
You visited 1 branch of the dungeon, and saw 3 of its levels.

You collected 82 gold pieces.

Inventory:

Hand Weapons
 n - a +0 dagger
Missiles
 f - 16 poisoned darts (quivered)
Armour
 a - a +0 robe (worn)
 o - a +0 helmet (worn)
Magical Staves
 p - a staff of air (weapon)
Jewellery
 g - a ring of wizardry (left hand)
Scrolls
 b - 4 scrolls of fear {unknown}
 d - 3 scrolls of magic mapping {unknown}
 h - a scroll of brand weapon {unknown}
 j - a scroll of amnesia {unknown}
 k - a scroll of vulnerability {unknown}
 l - a scroll of identify {unknown}
Potions
 c - a potion of degeneration {unknown}
 e - a potion of attraction {unknown}
 i - a potion of resistance {unknown}
 m - a potion of mutation {unknown}


   Skills:
 - Level 1.5 Dodging
 - Level 4.0 Stealth
 - Level 3.0 Spellcasting
 - Level 2.0 Transmutations
 + Level 2.3 Air Magic
 - Level 4.0 Poison Magic


You had 3 spell levels left.
You knew the following spells:

 Your Spells              Type           Power      Damage    Failure   Level
a - Sting                 Tmut/Pois      48%        1d5       2%          1
b - Poisonous Vapours     Pois/Air       36%        N/A       3%          2
c - Mephitic Cloud        Conj/Pois/Air  13%        N/A       10%         3

Your spell library contained the following spells:

 Spells                   Type           Power      Damage    Failure   Level
 Olgreb's Toxic Radiance  Pois           15%        N/A       14%         4


Dungeon Overview and Level Annotations

Branches:
Dungeon (3/15)

Altars:

Annotations:
D:3 Grinder


Innate Abilities, Weirdness & Mutations

Your serpentine skin is tough. (AC +1)
You have supernaturally acute eyesight. (SInv)
Armour fits poorly on your strangely shaped body.
Your system is resistant to poisons. (rPois)
You cover ground very slowly.
You can spit poison.
You have a snake-like lower body.


Message History

Confirm with . or Enter, or press ? or * to list all spells.
Aiming: Sting (safe; 2% risk of failure)
Press: ? - help, Shift-Dir - straight line, f/p - Grinder
Aim: Grinder (68% to hit)
The sting hits Grinder.
Grinder partially resists.
Grinder is lightly wounded.
Casting: Sting (safe; 2% risk of failure)
Confirm with . or Enter, or press ? or * to list all spells.
Aiming: Sting (safe; 2% risk of failure)
Press: ? - help, Shift-Dir - straight line, f/p - Grinder
Aim: Grinder (lightly wounded, 68% to hit)
The sting hits Grinder.
Grinder is poisoned.
Grinder is lightly wounded.
Grinder hits you.
You writhe in agony.
Casting: Sting (safe; 2% risk of failure)
Confirm with . or Enter, or press ? or * to list all spells.
Aiming: Sting (safe; 2% risk of failure)
Press: ? - help, Shift-Dir - straight line, f/p - Grinder
Aim: Grinder (lightly wounded, poisoned, 68% to hit)
The sting hits Grinder.
Grinder looks even sicker.
Grinder is lightly wounded.
Grinder hits you.
You closely miss Grinder.
Grinder is lightly wounded.
Grinder hits you.
You writhe in agony.
You hit Grinder but do no damage.
Grinder is lightly wounded.
Grinder hits you!
* * * LOW HITPOINT WARNING * * *
You writhe in agony.
* * * LOW HITPOINT WARNING * * *
You hit Grinder.
Grinder is moderately wounded.
You have got your breath back.
Grinder hits you.
* * * LOW HITPOINT WARNING * * *
You writhe in agony.
* * * LOW HITPOINT WARNING * * *
Grinder hits you.
You die...

......(.#..##.#
#.##..........####
.......##..#..#..
..#.... #..#..#.###
.......+...#..#.#..
..##...##.##....#.#
..# #.##....#.####
.... #.#####.#5...#
..## #. #...@#
#..........#
.........##..## ##.
..........# .# ...
..........# ...
....#...... ...
....#....### ...
... #<...# ##


You could see Grinder (very poisoned).

Vanquished Creatures
  Robin (D:3)
  3 adders (D:2)
  2 dart slugs (D:1)
  2 ball pythons (D:1)
  5 bats
  6 endoplasms
  A giant cockroach (D:1)
  10 goblins
  9 hobgoblins
  6 kobolds
  3 quokkas
  A frilled lizard (D:2)
  A rat (D:1)
50 creatures vanquished.

Notes
Turn   | Place    | Note
-------+----------+-------------------------------------------
     0 | D:1      | Nixze the Naga Venom Mage began the quest for the Orb.
     0 | D:1      | Reached XP level 1. HP: 15/15 MP: 3/3
   184 | D:1      | Reached XP level 2. HP: 22/22 MP: 3/5
   561 | D:1      | Learned a level 2 spell: Poisonous Vapours
   717 | D:1      | Reached XP level 3. HP: 28/28 MP: 7/7
  1749 | D:2      | Found a faded altar of an unknown god.
  1777 | D:2      | Learned a level 3 spell: Mephitic Cloud
  2210 | D:2      | Reached skill level 1 in Air Magic
  2460 | D:2      | Reached XP level 4. HP: 34/36 MP: 2/8
  2693 | D:3      | Noticed Robin
  2904 | D:3      | Killed Robin
  3131 | D:3      | Noticed Grinder
  3138 | D:3      | HP: 1/36 [Grinder (6)]
  3138 | D:3      | Slain by Grinder

Illustrated notes

Levels and vault maps discovered:
D:1:      kennysheep_arrival_seaside, layout_basic, fountainhead
D:2:      layout_basic, ebering_ecumenical_altar_rust,
          minmay_fractal_squares_gapless_5
D:3:      layout_basic, nemelex_diamond_rough_becter, uniq_sigmund,
          uniq_grinder, uniq_robin

Skill      XL: |  1  2  3  4 |
---------------+-------------+-----
Transmutations | 2 |  2.0
Spellcasting   | 3 |  3.0
Air Magic      | 1 2 |  2.3
Stealth        | 4 |  4.0
Dodging        | |  1.5
Poison Magic   | |  4.0

Action                   |  1- 3 |  4- 6 || total
-------------------------+-------+-------++-------
Melee: Club              |    22 |    16 ||    38
       Staff             |       |     3 ||     3
Throw: Dart              |     3 |       ||     3
 Cast: Sting             |    29 |     8 ||    37
       Poisonous Vapours |    14 |    11 ||    25
 Abil: Spit Poison       |    28 |    12 ||    40
Armor: Robe              |     9 |     4 ||    13
Dodge: Dodged            |    17 |    16 ||    33
